 Dungeon Crawl Stone Soup version 0.30-a0-1018-g25214051b3 (webtiles) character file.

Game seed: 8858256102319481077

6034 bobo the Grappler (level 10, -10/95 (104) HPs)
             Began as a Troll Monk on Apr 7, 2023.
             Was a Follower of Uskayaw.
             Mangled by a gnoll
             ... wielding a +2 halberd of electrocution
              (17 damage)
             ... in a bailey.
             The game lasted 00:18:36 (7858 turns).

bobo the Grappler (Troll Monk)                      Turns: 7858, Time: 00:18:37

HP:   -10/95 (104)  AC:  7    Str: 25    XL:     10   Next: 56%
MP:   14/14         EV: 11    Int:  6    God:    Uskayaw [*.....]
Gold: 625           SH:  0    Dex: 12    Spells: 9/9 levels left

rFire   . . .      SeeInvis .      - Unarmed
rCold   + . .      Faith    .    (no shield)
rNeg    . . .      Spirit   .    w - +0 steam dragon scales
rPois   .          Reflect  .    (helmet restricted)
rElec   .          Rampage  .    (no cloak)
rCorr   +                        (gloves unavailable)
Will    .....                    (boots unavailable)
Stlth   ++                       u - amulet of regeneration
HPRegen 1.95/turn                l - ring of resist corrosion
MPRegen 0.14/turn                i - ring of protection from cold

@: mighty, drained
A: large, unfitting armour, claws 3, regeneration 1, shaggy fur 1, tough skin 1
a: Renounce Religion, Stomp


You were in a bailey.
You worshipped Uskayaw.
Uskayaw was noncommittal.
You visited 1 branch of the dungeon, and saw 9 of its levels.
You also visited: Sewer and Bailey.

You collected 625 gold pieces.

Inventory:

Missiles
 o - a throwing net
 x - 3 large rocks (quivered)
Armour
 w - +0 steam dragon scales (worn)
 C - the +1 robe of the Sun {Harm Drain Str+2}
   (You found it on level 8 of the Dungeon)

   Str:       It affects your strength (+2).
   Drain:     It drains your maximum health when unequipped.
   Harm:      It increases damage dealt and taken.
Jewellery
 i - a ring of protection from cold (right claw)
 l - a ring of resist corrosion (left claw)
 u - an amulet of regeneration (around neck)
Wands
 d - a wand of flame (22)
 n - a wand of quicksilver (8)
 t - a wand of charming (9)
Scrolls
 a - a scroll of identify
 b - a scroll of blinking {unknown}
 f - 6 scrolls of teleportation
 g - 3 scrolls of poison
 m - 2 scrolls of vulnerability
 p - a scroll of brand weapon {unknown}
 q - a scroll of acquirement {unknown}
 r - a scroll of magic mapping {unknown}
 v - 2 scrolls of butterflies {unknown}
Potions
 c - 10 potions of flight
 e - 2 potions of lignification
 h - 2 potions of might
 j - a potion of haste {unknown}
 k - 2 potions of resistance
 z - a potion of magic
 A - a potion of berserk rage {unknown}
 B - a potion of attraction {unknown}


   Skills:
 + Level 8.2 Fighting
 - Level 4.8 Dodging
 - Level 1.0 Stealth
 + Level 9.8 Unarmed Combat
 + Level 7.0 Invocations


You had 9 spell levels left.
You didn't know any spells.
Your spell library contained the following spells:

 Spells                   Type           Power      Damage    Failure   Level
 Freeze                   Ice            0%         1d3       45%         1
 Frozen Ramparts          Ice            0%         1d1       83%         3
 Hailstorm                Conj/Ice       0%         3d3       83%         3


Dungeon Overview and Level Annotations

Branches:
Dungeon (9/15)             Temple (0/1) D:7           Sewer (visited)
 Bailey (1/1)
   Lair: D:8-11         Orc: D:9-12

Altars:
Hepliaklqana
Makhleb
Nemelex Xobeh
Okawaru
Qazlal
Uskayaw
Xom
The Shining One

Shops:
D:7 :


Innate Abilities, Weirdness & Mutations

You are too large for most types of armour.
You have claws for hands.
Your natural rate of healing is unusually fast.
You are covered in fur. (AC +1)
You have tough skin. (AC +1)


Message History

You claw the gnoll!
The gnoll is severely wounded.
You claw the gnoll!
You kill the gnoll!
The orc hits you but does no damage.
The gnoll hits you from afar with a +2 halberd of electrocution!
You are electrocuted!!
The orc barely misses you. The orc hits you but does no damage.
The gnoll hits you with a +2 halberd of electrocution!
You are electrocuted!
* * * LOW HITPOINT WARNING * * *
The orc hits you from afar with a +0 halberd!
* * * LOW HITPOINT WARNING * * *
You barely miss the gnoll. The orc barely misses you.
The gnoll hits you with a +2 halberd of electrocution!
* * * LOW HITPOINT WARNING * * *
You are electrocuted!
* * * LOW HITPOINT WARNING * * *
The orc barely misses you.
You closely miss the gnoll.
The orc hits you from afar with a +0 spear.
* * * LOW HITPOINT WARNING * * *
The gnoll barely misses you. The orc misses you.
You feel better. The orc hits you but does no damage.
The gnoll closely misses you.
The orc hits you from afar with a +0 halberd.
* * * LOW HITPOINT WARNING * * *
Okay, then.
Unknown command.
You feel very mighty all of a sudden. The orc closely misses you.
The gnoll closely misses you.
The orc hits you from afar with a +0 halberd.
* * * LOW HITPOINT WARNING * * *
You claw the gnoll!
The gnoll is severely wounded.
The orc closely misses you.
The gnoll hits you with a +2 halberd of electrocution.
* * * LOW HITPOINT WARNING * * *
You are electrocuted!
You die...

### ###
### '.#
#.###∩#
#'##'##'##
#.....##
###.....#
#.o)o∩..+
###.....#
#@....#
#g##+##+
#.# ###
#.# +#


You could see a gnoll and 2 orcs.

Vanquished Creatures
  2 two-headed ogres (D:8)
  A cyclops (D:7)
  A shadow (D:9)
  2 wyverns (D:8)
  4 yaks (D:9)
  2 vampire mosquitoes (D:6)
  A steam dragon (D:6)
  A water moccasin (D:8)
  A black bear (D:5)
  3 ice beasts
  2 orc warriors
  A sky beast (D:6)
  2 ogres (D:5)
  A phantom (D:6)
  2 centaurs (D:8)
  A kobold brigand (D:8)
  A gnoll sergeant (D:9)
  3 bullfrogs (D:8)
  3 wights (D:8)
  4 killer bees (D:9)
  3 howler monkeys
  2 hounds (D:5)
  2 jellies
  8 orc priests
  5 iguanas
  10 orc wizards
  7 gnolls
  4 river rats (Sewer)
  19 adders
  A white imp (D:6)
  3 ufetubi
  A worm (D:2)
  A dart slug (D:2)
  29 orcs
  10 ball pythons
  12 bats
  10 endoplasms
  8 giant cockroaches
  12 goblins
  8 hobgoblins
  2 jackals (Sewer)
  4 quokkas
  3 frilled lizards
  7 kobolds
  3 rats
212 creatures vanquished.

Vanquished Creatures (others)
  2 fungi (D:2)
  A plant (D:2)
3 creatures vanquished.

Grand Total: 215 creatures vanquished

Notes
Turn   | Place    | Note
-------+----------+-------------------------------------------
     0 | D:1      | bobo the Troll Monk began the quest for the Orb.
     0 | D:1      | Reached XP level 1. HP: 22/22 MP: 0/0
   368 | D:1      | Reached XP level 2. HP: 29/29 MP: 1/1
  1080 | D:2      | Reached XP level 3. HP: 36/36 MP: 2/2
  1159 | D:2      | Found a faded altar of an unknown god.
  1201 | D:2      | Prayed at the altar of an unknown god.
  1201 | D:2      | Became a worshipper of the Shining One
  1201 | D:2      | Reached * piety under the Shining One
  1201 | D:2      | Reached ** piety under the Shining One
  1578 | D:3      | Reached XP level 4. HP: 19/45 MP: 3/3
  2782 | D:4      | Reached *** piety under the Shining One
  2790 | D:4      | Reached skill level 4 in Unarmed Combat
  2801 | D:4      | Reached XP level 5. HP: 53/53 MP: 4/4
  3051 | D:4      | Reached XP level 6. HP: 57/62 MP: 5/5
  3187 | D:5      | Entered Level 5 of the Dungeon
  3276 | D:5      | Reached skill level 5 in Unarmed Combat
  3399 | D:5      | Noticed an ice beast
  3405 | D:5      | Killed an ice beast
  3406 | D:5      | Reached XP level 7. HP: 57/71 MP: 2/6
  3622 | D:5      | Found a hazy altar of Hepliaklqana.
  3625 | D:5      | Found a hide-covered altar of Uskayaw.
  3742 | D:5      | Fell from the grace of the Shining One
  3742 | D:5      | Became a worshipper of Uskayaw the Reveller
  3805 | D:5      | Reached * piety under Uskayaw
  3838 | D:5      | Found a glowing drain.
  3861 | Sewer    | Entered a sewer
  4075 | Sewer    | Reached ** piety under Uskayaw
  4088 | Sewer    | Reached *** piety under Uskayaw
  4090 | Sewer    | Reached skill level 5 in Fighting
  4090 | Sewer    | Reached skill level 6 in Unarmed Combat
  4092 | Sewer    | Reached **** piety under Uskayaw
  4102 | Sewer    | Reached skill level 1 in Invocations
  4863 | D:6      | Noticed a steam dragon
  4872 | D:6      | Killed a steam dragon
  4873 | D:6      | Reached XP level 8. HP: 80/80 MP: 6/8
  4961 | D:6      | HP: 4/81 [vampire mosquito (5)]
  5294 | D:6      | Found a faded altar of an unknown god.
  5294 | D:6      | Found a burning altar of Makhleb.
  5301 | D:6      | Found a shimmering altar of Xom.
  5303 | D:6      | Found a sparkling altar of Nemelex Xobeh.
  5305 | D:6      | Found an iron altar of Okawaru.
  5500 | D:6      | Reached skill level 7 in Unarmed Combat
  6023 | D:7      | Identified the +0 robe "Puil Qeck" {Will++ Int+4 Dex-3}
  6081 | D:7      | Found Poan's Book Emporium.
  6150 | D:7      | Found a staircase to the Ecumenical Temple.
  6175 | D:7      | Noticed a cyclops
  6184 | D:7      | Killed a cyclops
  6185 | D:7      | Reached XP level 9. HP: 58/89 MP: 9/11
  6240 | D:7      | Found a stormy altar of Qazlal.
  6638 | D:8      | Reached skill level 8 in Unarmed Combat
  6649 | D:8      | Found the +3 salamander hide armour {Flames, rFlCloud rF++
                  | rC--}
  6680 | D:8      | Noticed a two-headed ogre
  6684 | D:8      | Killed a two-headed ogre
  6685 | D:8      | Reached skill level 5 in Invocations
  6688 | D:8      | Identified the +1 robe of the Sun {Harm Drain Str+2}
  6824 | D:8      | Noticed a two-headed ogre
  6842 | D:8      | Reached ***** piety under Uskayaw
  6843 | D:8      | Killed a two-headed ogre
  6844 | D:8      | Reached skill level 9 in Unarmed Combat
  6844 | D:8      | Reached XP level 10. HP: 61/102 MP: 8/13
  7787 | D:9      | Found a flagged portal.
  7833 | Bailey   | Entered a bailey
  7854 | Bailey   | HP: 3/95 [gnoll/+2 halberd of electrocution (10)]
  7858 | Bailey   | Mangled by a gnoll

Illustrated notes

Levels and vault maps discovered:
D:1:      amcnicky_arrival_underground_garden, layout_basic, minivault_19,
          serial_park_tiny_pond
D:2:      layout_loops_ring, shapermc_ecumenical_altar_gd, minmay_quantized
D:3:      layout_loops_corners, serial_bayou_ford_a, dreamdust_wishing_well
D:4:      layout_loops_corners, corexii_corridor_pit
D:5:      cheibrodos_quashed, layout_basic, mainiacjoe_overflow_catwalk_spiral,
          portal_sewer_entry_f, glass_columns_a, nicolae_half_adder
D:6:      layout_basic, chequers_temple_overflow_minitemple
D:7:      layout_gridville, mainiacjoe_overflow_alcove_1,
          minmay_temple_entry_sparse_star, serial_shops, shop_fountains
D:8:      layout_basic, wad_rectangle_vault
D:9:      layout_rooms, marbit_many_paths, enter_bailey_5
Bailey:   bailey_polearm_nasty_gnolls, bailey

Skill      XL: |  1  2  3  4  5  6  7  8  9 10 |
---------------+-------------------------------+-----
Fighting       | 3 4 5 6 7 8 |  8.2
Dodging        | 3 4 |  4.8
Unarmed Combat | 4 5 6 7 9 |  9.8
Invocations    | 1 4 6 7 |  7.0
Stealth        | |  1.0

Action                     |  1- 3 |  4- 6 |  7- 9 | 10-12 || total
---------------------------+-------+-------+-------+-------++-------
  Melee: Unarmed           |    75 |   101 |   255 |   108 ||   539
         Punch             |     1 |     2 |    13 |     6 ||    22
  Throw: Large rock        |       |       |     9 |     4 ||    13
 Invoke: Divine Shield     |       |     1 |       |       ||     1
         Stomp             |       |       |    10 |     4 ||    14
         Line Pass         |       |       |     1 |     2 ||     3
    Use: Scroll            |       |     4 |     6 |     2 ||    12
         Potion            |       |     1 |     4 |     2 ||     7
   Stab: Sleeping          |     3 |       |     1 |     1 ||     5
         Paralysed         |       |       |     6 |     2 ||     8
         Confused          |       |       |       |     1 ||     1
 Armour: Robe              |    21 |    21 |    60 |       ||   102
         Steam dragon scal |       |       |    32 |    35 ||    67
         Skin              |       |       |     1 |       ||     1
  Dodge: Dodged            |    23 |    48 |   184 |    78 ||   333

Table legend: (Time is in decaauts)
 A = Elapsed time spent in this place.
 B = Non-inter-level travel time spent in this place.
 C = Inter-level travel time spent in this place.
 D = Time resting spent in this place.
 E = Time spent auto-exploring this place.
 F = Levels seen in this place.
 G = Mean time per level.
                   A        B        C        D        E       F      G
               +--------+--------+--------+--------+--------+-----+--------+
         Total |   7806 |   7491 |    315 |     97 |   5974 |  11 |  709.6 |
       Dungeon |   7348 |   7033 |    315 |     97 |   5825 |   9 |  816.4 |
         Sewer |    433 |    433 |      0 |      0 |    149 |   1 |  433.0 |
        Bailey |     23 |     23 |      0 |      0 |      0 |   1 |   23.0 |
               +--------+--------+--------+--------+--------+-----+--------+

Top non-repeatable levels by time:
     D:5: 1192 daAuts
     D:6: 1152 daAuts
     D:8: 928 daAuts
     D:4: 861 daAuts
     D:1: 833 daAuts
     D:3: 789 daAuts
     D:2: 693 daAuts
     D:7: 615 daAuts
   Sewer: 433 daAuts
     D:9: 283 daAuts
  Bailey: 23 daAuts
